 Dungeon Crawl Stone Soup version 0.30-a0-1043-g60ff8d5f49 (webtiles) character file.

Game seed: 7029924514135722276

399 cheesebisquit the Firebug (level 6, -5/32 HPs)
             Began as a Gargoyle Fire Elementalist on Apr 9, 2023.
             Slain by Pikel
             ... wielding a +1 whip of flaming
              (7 damage)
             ... on level 4 of the Dungeon.
             The game lasted 00:14:57 (4250 turns).

cheesebisquit the Firebug (GrFE)                    Turns: 4250, Time: 00:14:58

Health: -5/32      AC: 13    Str: 12    XL:     6   Next: 84%
Magic:  0/9        EV: 11    Int: 17    God:
Gold:   128        SH:  0    Dex: 10    Spells: 0/9 levels left

rFire   . . .      SeeInvis .    (no weapon)
rCold   . . .      Faith    .    (no shield)
rNeg    + . .      Spirit   .    a - +0 robe
rPois   ∞          Reflect  .    s - +0 helmet
rElec   +          Rampage  .    (no cloak)
rCorr   .                        i - +0 pair of gloves
Will    .....                    v - +0 pair of boots
Stlth   ++                       (no amulet)
HPRegen 0.25/turn                f - +4 ring of protection
MPRegen 0.11/turn                (no ring)

@: no status effects
A: sickness immunity, AC +4, negative energy resistance 1, electricity
resistance, torment resistance 1, petrification resistance
a: no special abilities


You were on level 4 of the Dungeon.
You visited 1 branch of the dungeon, and saw 4 of its levels.

You collected 128 gold pieces.

Inventory:

Hand Weapons
 j - a +0 morningstar
 x - a +2 flail of holy wrath
Missiles
 z - 4 poisoned darts
Armour
 a - a +0 robe (worn)
 i - a +0 pair of gloves (worn)
 q - the +5 ring mail "Nesim" {Dex+3}
   (You found it on level 2 of the Dungeon)

   Dex:       It affects your dexterity (+3).
 s - a +0 helmet (worn)
 v - a +0 pair of boots (worn)
Jewellery
 b - a ring of protection from cold
 f - a +4 ring of protection (left hand)
Wands
 t - a wand of flame (21)
Scrolls
 c - 2 scrolls of poison {unknown}
 e - 2 scrolls of blinking {unknown}
 h - 7 scrolls of identify {unknown}
 n - a scroll of butterflies {unknown}
 o - 3 scrolls of teleportation {unknown}
 y - a scroll of amnesia {unknown}
Potions
 g - a potion of berserk rage {unknown}
 k - a potion of flight {unknown}
 l - a potion of attraction {unknown}
 m - a potion of curing {unknown}
 p - a potion of degeneration {unknown}
 r - a potion of invisibility {unknown}
 u - 3 potions of lignification
 w - a potion of ambrosia {unknown}


   Skills:
 - Level 1.5 Dodging
 - Level 2.1 Stealth
 - Level 2.0 Spellcasting
 - Level 1.1 Conjurations
 + Level 7.5 Fire Magic


You couldn't memorise any spells.
You knew the following spells:

 Your Spells              Type           Power      Damage    Failure   Level
a - Foxfire               Conj/Fire      64%        2x1d7     3%          1
b - Volatile Blastmotes   Fire/Tloc      28%        2d12      12%         3
x - Inner Flame           Hex/Fire       14%        N/A       12%         3
z - Scorch                Fire           54%        2d7       1%          2

Your spell library contained the following spells:

 Spells                   Type           Power      Damage    Failure   Level
 Flame Wave               Conj/Fire      16%        2d7       32%         4
 Summon Guardian Golem    Hex/Summ       1%         N/A       50%         3
 Orb of Destruction       Conj           2%         9d5       100%        7
 Spellforged Servitor     Conj/Summ      1%         N/A       100%        7


Dungeon Overview and Level Annotations

Branches:
Dungeon (4/15)
 Temple: D:4-7

Altars:
Elyvilon
Xom

Shops:
D:3 (

Annotations:
D:4 Pikel


Innate Abilities, Weirdness & Mutations

You are immune to sickness and miasma.
Your stone body is resilient. (AC +4)
You are immune to poison.
You resist negative energy. (rN+)
You are resistant to electric shocks. (rElec)
You are resistant to unholy torment.
You are immune to petrification.


Message History

Pikel is heavily wounded.
The foxfire hits Pikel.
Pikel is severely wounded.
Pikel barely misses you.
A lemure comes into view.
Pikel closely misses you. Pikel attacks as you move away!
Pikel hits you with a +1 whip of flaming.
* * * LOW HITPOINT WARNING * * *
Pikel burns you.
* * * LOW HITPOINT WARNING * * *
The lemure attacks as you move away! The lemure hits you but does no damage.
Pikel attacks as you move away!
Pikel hits you with a +1 whip of flaming.
* * * LOW HITPOINT WARNING * * *
Pikel burns you.
* * * LOW HITPOINT WARNING * * *
Pikel says, "You'll make a fine lemure."
Okay, then.
Okay, then.
It was a potion of lignification.
You turn into a tree.
Your +0 helmet melds into your body.
Your +0 pair of gloves melds into your body.
Your +0 pair of boots melds into your body.
Your +0 robe melds into your body.
Your roots penetrate the ground.
Pikel hits you but does no damage.
You cannot move.
Your +2 flail of holy wrath stops glowing.
You are now empty-handed.
It was a potion of cancellation.
Your magical effects are unravelling.
You feel magically purged.
You feel less wooden.
Your +0 helmet unmelds from your body.
Your +0 pair of gloves unmelds from your body.
Your +0 pair of boots unmelds from your body.
Your +0 robe unmelds from your body.
The lemure shouts!
You hear a shout!
Pikel hits you with a +1 whip of flaming!
You die...

............## ##..##
........... ##...#
...........# ##..#.##
...
.........##.##..##..##
... .........#
#..#####..# ....
.....>.....#..## ....
.... ...... #.......##
.##.. .... ....
..#.......## .# #.. ..
..........@##.## #.
### ...#...####K5..#
###.. ..###.. ##5..#
..... .# #.# ..#.....
...... #. .####..$..
#.... #. .#
.#....#.... .# #
........# .# #........
.. #........


You could see Pikel and 2 lemures.

Vanquished Creatures
  A lemure (D:4)
  A hound (D:4)
  A jelly (D:4)
  Natasha (thrice) (D:3)
  Terence (D:3)
  An iguana (D:4)
  An orc wizard (D:3)
  Robin (D:3)
  5 gnolls
  2 adders
  4 worms
  2 dart slugs
  11 orcs
  7 ball pythons
  4 endoplasms
  4 giant cockroaches
  10 goblins
  7 hobgoblins
  5 quokkas
  2 bats (D:2)
  4 frilled lizards
  10 kobolds
  7 rats
94 creatures vanquished.

Vanquished Creatures (others)
  242 foxfires
242 creatures vanquished.

Grand Total: 336 creatures vanquished

Notes
Turn   | Place    | Note
-------+----------+-------------------------------------------
     0 | D:1      | cheesebisquit the Gargoyle Fire Elementalist began the
                  | quest for the Orb.
     0 | D:1      | Reached XP level 1. HP: 10/10 MP: 3/3
   185 | D:1      | Reached XP level 2. HP: 15/15 MP: 1/5
   820 | D:1      | Found a faded altar of an unknown god.
  1009 | D:2      | Reached skill level 4 in Fire Magic
  1155 | D:2      | Reached XP level 3. HP: 19/19 MP: 3/6
  1581 | D:2      | Identified the +5 ring mail "Nesim" {Dex+3}
  1965 | D:2      | Learned a level 2 spell: Scorch
  1969 | D:2      | Learned a level 3 spell: Inner Flame
  1979 | D:3      | Noticed Terence
  2133 | D:3      | Noticed Robin
  2148 | D:3      | Reached XP level 4. HP: 24/24 MP: 0/7
  2156 | D:3      | Killed Robin
  2157 | D:3      | Reached skill level 5 in Fire Magic
  2247 | D:3      | Killed Terence
  2400 | D:3      | Reached XP level 5. HP: 28/28 MP: 0/8
  2509 | D:3      | Found Nepuog's Weapon Boutique.
  2653 | D:3      | Found a shimmering altar of Xom.
  2653 | D:3      | Found a white marble altar of Elyvilon.
  2771 | D:3      | Noticed Natasha
  2779 | D:3      | Killed Natasha
  2780 | D:3      | Reached skill level 6 in Fire Magic
  2833 | D:3      | Noticed Natasha
  2839 | D:3      | Killed Natasha
  2940 | D:3      | Noticed Natasha
  2945 | D:3      | Killed Natasha
  2946 | D:3      | Reached XP level 6. HP: 32/32 MP: 4/9
  3172 | D:4      | Learned a level 3 spell: Volatile Blastmotes
  3241 | D:4      | Reached skill level 7 in Fire Magic
  4237 | D:4      | Noticed Pikel
  4247 | D:4      | HP: 1/32 [Pikel/+1 whip of flaming (1)]
  4250 | D:4      | Slain by Pikel

Illustrated notes

Levels and vault maps discovered:
D:1:      scummos_arrival_checkerplants, layout_basic,
          shapermc_ecumenical_altar_petra
D:2:      layout_loops_ring, minmay_surrounded
D:3:      layout_rooms, chequers_temple_overflow_statue_of_worship,
          serial_shops, shop, uniq_natasha, uniq_terence, uniq_robin
D:4:      layout_layer_cave, uniq_pikel

Skill      XL: |  1  2  3  4  5  6 |
---------------+-------------------+-----
Fire Magic     | 4 5 6 7 |  7.5
Dodging        | |  1.5
Stealth        | |  2.1
Spellcasting   | |  2.0
Conjurations   | |  1.1

Action                     |  1- 3 |  4- 6 || total
---------------------------+-------+-------++-------
  Melee: Dagger            |    11 |       ||    11
         Mace              |    12 |    13 ||    25
         Flail             |       |    18 ||    18
         Punch             |       |     2 ||     2
   Cast: Foxfire           |    62 |    76 ||   138
         Scorch            |     3 |    29 ||    32
    Use: Potion            |       |     3 ||     3
 Armour: Robe              |     8 |    40 ||    48
         Skin              |       |     1 ||     1
  Dodge: Dodged            |    10 |    45 ||    55

Table legend: (Time is in decaauts)
 A = Elapsed time spent in this place.
 B = Non-inter-level travel time spent in this place.
 C = Inter-level travel time spent in this place.
 D = Time resting spent in this place.
 E = Time spent auto-exploring this place.
 F = Levels seen in this place.
 G = Mean time per level.
                   A        B        C        D        E       F      G
               +--------+--------+--------+--------+--------+-----+--------+
         Total |   4264 |   4124 |    140 |    227 |   3162 |   4 | 1066.0 |
       Dungeon |   4264 |   4124 |    140 |    227 |   3162 |   4 | 1066.0 |
               +--------+--------+--------+--------+--------+-----+--------+

Top non-repeatable levels by time:
     D:4: 1112 daAuts
     D:3: 1093 daAuts
     D:2: 1091 daAuts
     D:1: 967 daAuts
